Map: Abyssal Reef LE

Players

A.I. 1 (Medium) - Winner!

  • Race: Protoss Protoss
  • Spawn Location: 11:00

Throwfordays

  • Race: Terran Terran
  • League: Silver
  • Spawn Location: 5:00

VOD

Have the link to the VOD?

Description

Time

  • Played on: May 5, 2019, 11:12 p.m.
  • Length: 3:02
Show
View Real Time Build Order
Export as new Build Order

A.I. 1 (Medium) Protoss - Winner!

Build Orders:  

Get SALT Encoding   

  12  0:00  Probe  
  13  0:13  Probe  
  14  0:19  Pylon  
  14  0:25  Probe  
  15  0:33  Probe  
  15  0:40  Gateway  
  15  0:41  Probe  
  16  0:47  Assimilator  
  17  0:51  Probe  
  18  1:00  Pylon  
  18  1:28  Gateway  
  18  1:30  Zealot  
  18  1:31  Cybernetics Core  
  18  1:33  Assimilator  
  20  1:53  Zealot  
  22  2:07  Pylon  
  22  2:19  Stalker  
Show
View Real Time Build Order
Export as new Build Order

Throwfordays Terran 

Build Orders:  

Get SALT Encoding   

  12  0:01  SCV  
  13  0:16  Supply Depot  
  13  0:18  SCV  
  14  0:39  Barracks  
  14  0:41  SCV  
  15  0:53  SCV  
  16  0:59  Refinery  
  16  1:05  SCV  
  17  1:17  SCV  
  18  1:33  Command Center  
  18  1:34  SCV  
  19  1:40  Refinery  
  19  1:46  SCV  
  20  1:49  Reaper  
  21  1:58  SCV  
  21  2:01  Supply Depot  
  22  2:10  SCV  
  23  2:22  Factory  
  23  2:23  Supply Depot  
  23  2:28  SCV  
Tags
 
League
Silver
Matchup
PvT
Replay Pack
Multiplayer
Spawn Locations
Cross Positions
Add a new tag
Caveats
  • Supply blocks, unpowered buildings, or Contaminate may cause inaccurate times.
  • Supply counts are checked every 10 seconds.